 Dungeon Sprint DCSS version 0.27.1-34-g3ba077fa99 (webtiles) character file.

Game seed: 998500712526504574

14985 boopmooplesden the Peltast (level 11, 0/115 HPs)
             Began as a Minotaur Fighter on Jan 3, 2022.
             Was a High Priest of Okawaru.
             Succumbed to a ghost moth's poison
             ... in the Dungeon (Sprint VII: "The Pits").
             The game lasted 00:10:16 (2534 turns).

boopmooplesden the Peltast (Minotaur Fighter)       Turns: 2534, Time: 00:10:17

Health: 0/115      AC: 30    Str: 23 (25) XL:     11   Next: 95%
Magic:  1/13       EV:  9    Int:  5 (6)  God:    Okawaru [*****.]
Gold:   23         SH: 15    Dex:  9 (11) Spells: 10/10 levels left

rFire    . . .     SeeInvis .   x - +5 demon blade (venom)
rCold    . . .     Faith    .   c - +0 kite shield
rNeg     . . .     Spirit   .   r - +3 plate armour
rPois    .         Reflect  .   (helmet restricted)
rElec    .         Harm     .   s - +0 cloak
rCorr    .         Rampage  .   t - +2 pair of gloves {Stlth+}
Will     .....     NoTele   +   y - +0 pair of boots {Stlth+}
Stlth    ..........             (no amulet)
HPRegen  0.29/turn              o - +3 ring of strength
MPRegen  0.13/turn              p - +3 ring of protection

@: lethally poisoned (0 -> -64), hasted, very quick
A: horns 2, retaliatory headbutt
a: Renounce Religion, Heroism, Finesse


You were in the Dungeon.
You worshipped Okawaru.
Okawaru was extremely pleased with you.
You visited 1 branch You collected 23 gold pieces.

Inventory:

Hand Weapons
 a - a +0 long sword
 k - a +2 falchion
 m - a +2 long sword of flaming
 q - a +2 scimitar of flaming
 u - a +0 demon trident of electrocution
 w - a +4 scimitar of flaming
 x - a +5 demon blade of venom (weapon)
Missiles
 n - 5 javelins (quivered)
Armour
 b - a +0 scale mail
 c - a +0 kite shield (worn)
 d - a +3 chain mail
 r - a +3 plate armour (worn)
 s - a +0 cloak (worn)
 t - a +2 pair of gloves of stealth (worn)
 y - a +0 pair of boots of stealth (worn)
Jewellery
 o - a +3 ring of strength (left hand)
 p - a +3 ring of protection (right hand)
 E - a ring of fire
 F - a ring of willpower
Scrolls
 z - 9 scrolls of enchant armour
 A - 2 scrolls of fear
 B - 4 scrolls of enchant weapon
 C - 3 scrolls of identify
Potions
 e - 7 potions of curing
 f - 6 potions of heal wounds
 g - a potion of haste
 h - 4 potions of magic
 i - 6 potions of berserk rage
 l - 2 potions of invisibility
 v - 2 potions of mutation
 D - a potion of brilliance


   Skills:
 + Level 16.5 Fighting
 + Level 17.7 Long Blades
 + Level 15.5 Armour
 + Level 6.5 Dodging
 + Level 3.4 Stealth
 + Level 17.9 Shields
 + Level 4.7 Invocations


You had 10 spell levels left.
You didn't know any spells.
Your spell library contained the following spells:

 Spells                   Type           Power      Damage    Failure   Level
 Hailstorm                Conj/Ice       0%         3d3       100%        4
 Ice Form                 Ice/Tmut       0%         N/A       100%        4
 Simulacrum               Ice/Necr       0%         N/A       100%        6


Dungeon Overview and Level Annotations

Branches:
Dungeon (1/1)

Altars:
Ashenzari
Cheibriados
Dithmenos
Elyvilon
Fedhas
Gozag
Hepliaklqana
Kikubaaqudgha
Makhleb
Nemelex Xobeh
Okawaru
Qazlal
Ru
Sif Muna
Trog
Uskayaw
Vehumet
Wu Jian
Xom
Yredelemnul
Zin
The Shining One
Beogh
Jiyva
Lugonu


Innate Abilities, Weirdness & Mutations

You have a pair of horns on your head.
You reflexively headbutt those who attack you in melee.


Message History

The red devil hops backward while attacking.
The red devil hits you from afar with a +0 trident.
The wolf spider hits you but does no damage.
You block the wolf spider's attack. Something hits you but does no damage.
Something completely misses you.
Something stings you but does no damage.
The guardian mummy hits you with a staff of air!
You closely miss the wolf spider.
The red devil hops backward while attacking.
You block the red devil's attack. You block the wolf spider's attack.
The wolf spider bites you but does no damage.
You hit the wolf spider but do no damage.
Something hits you but does no damage. x2
Something stings you but does no damage.
You hit the wolf spider but do no damage.
You block the wolf spider's attack.
The wolf spider bites you but does no damage.
You slash the wolf spider!
The wolf spider is lightly wounded.
Something hits you but does no damage. Something hits you!
* * * LOW HITPOINT WARNING * * *
You feel weakened. Something stings you.
* * * LOW HITPOINT WARNING * * *
You are lethally poisoned!
Something poisons you! You block the guardian mummy's attack.
You block the red devil's attack.
A black draconian comes into view.
It is wielding the +5 rapier "Omelette" {protect, rF+ rC+ Str+2 Stlth+} and wearing the amulet "Egimaysh" {Faith Dex+2}.
The black draconian roars!
You slash the guardian mummy!
Your headbutt misses the guardian mummy.
The guardian mummy is moderately damaged.
* * * LOW HITPOINT WARNING * * *
You feel extremely sick. The wolf spider hits you!
* * * LOW HITPOINT WARNING * * *
You block the wolf spider's attack.
You closely miss the guardian mummy.
The guardian mummy is moderately damaged.
You die...

#....................+
#..################..#
#..# #.#..# #..# #†s)#
#..# #:#..# #..# #. #..#
#..# #G #..#
#..################.d#
###.............@.4..l.#
.##.............Ms.....#
.###########''##########
.###########''######
'##................#
.##......#..#......#
.##................+
..'................+
###......#.)#......#


You could see a black draconian, a wolf spider, a guardian mummy, a basilisk
(confused) and a red devil.

Vanquished Creatures
  A nagaraja (D)
  An emperor scorpion (D)
  2 catoblepae (D)
  A merfolk avatar (D)
  An orc high priest (D)
  3 elephants (D)
  A cyclops (D)
  3 orange demons (D)
  A freezing wraith (D)
  2 rime drakes (D)
  2 efreet (D)
  A hellwing (D)
  A red devil (D)
  A troll (D)
  A tyrant leech (D)
  5 dream sheep (D)
  5 slime creatures (D)
  A snapping turtle (D)
  2 tarantellas (D)
  A redback (D)
  A fire elemental (D)
  3 steam dragons (D)
  Grum (D)
  An acid dragon (D)
  A floating eye (D)
  3 orc warriors (D)
  A water moccasin (D)
  A swamp drake (D)
  A black bear (D)
  An ogre (D)
  A necrophage (D)
  11 wolves (D)
  A phantom (D)
  A scorpion (D)
  7 wights (D)
  A crimson imp (D)
  A hound (D)
  A quasit (D)
  A gnoll shaman (D)
  2 orc priests (D)
  3 orc wizards (D)
  7 gnolls (D)
  An adder (D)
  2 river rats (D)
  A white imp (D)
  A worm (D)
  6 orcs (D)
  A bat (D)
  An endoplasm (D)
  A hobgoblin (D)
  4 kobolds (D)
  A quokka (D)
  A frilled lizard (D)
  A goblin (D)
108 creatures vanquished.

Vanquished Creatures (others)
  A hell rat (D)
1 creature vanquished.

Grand Total: 109 creatures vanquished

Notes
Turn   | Place    | Note
-------+----------+-------------------------------------------
     0 | D        | boopmooplesden the Minotaur Fighter began the quest for the
                  | Orb.
     0 | D        | Reached XP level 1. HP: 19/19 MP: 0/0
    33 | D        | Found a bloodstained altar of Trog.
    33 | D        | Found a shimmering blue altar of Sif Muna.
    33 | D        | Found a viscous altar of Jiyva.
    33 | D        | Found a hazy altar of Hepliaklqana.
    33 | D        | Found an opulent altar of Gozag.
    34 | D        | Found a glowing golden altar of the Shining One.
    34 | D        | Found a glowing silver altar of Zin.
    34 | D        | Found a basalt altar of Yredelemnul.
    34 | D        | Found a shimmering altar of Xom.
    34 | D        | Found an ornate altar of the Wu Jian Council.
    34 | D        | Found a sacrificial altar of Ru.
    34 | D        | Found a stormy altar of Qazlal.
    34 | D        | Found an iron altar of Okawaru.
    34 | D        | Found a sparkling altar of Nemelex Xobeh.
    34 | D        | Found a burning altar of Makhleb.
    34 | D        | Found a blossoming altar of Fedhas.
    34 | D        | Found a white marble altar of Elyvilon.
    34 | D        | Found a shadowy altar of Dithmenos.
    34 | D        | Found a snail-covered altar of Cheibriados.
    36 | D        | Found a radiant altar of Vehumet.
    36 | D        | Found a corrupted altar of Lugonu.
    37 | D        | Found a hide-covered altar of Uskayaw.
    37 | D        | Found an ancient bone altar of Kikubaaqudgha.
    37 | D        | Found a broken altar of Ashenzari.
    41 | D        | Became a worshipper of Warmaster Okawaru
    62 | D        | Reached XP level 2. HP: 28/28 MP: 1/1
    64 | D        | Reached skill level 5 in Armour
    64 | D        | Reached skill level 5 in Shields
    68 | D        | Noticed a scorpion
    75 | D        | Killed a scorpion
    76 | D        | Reached XP level 3. HP: 36/37 MP: 2/2
    76 | D        | Reached XP level 4. HP: 43/44 MP: 3/3
    87 | D        | Reached * piety under Okawaru
    88 | D        | Reached skill level 1 in Dodging
   151 | D        | Noticed a water moccasin
   158 | D        | Reached skill level 5 in Long Blades
   172 | D        | Killed a water moccasin
   173 | D        | Reached XP level 5. HP: 26/53 MP: 1/4
   182 | D        | Reached XP level 6. HP: 24/62 MP: 2/5
   206 | D        | Reached ** piety under Okawaru
   449 | D        | Noticed an orange demon
   458 | D        | Killed an orange demon
   459 | D        | Reached skill level 10 in Shields
   459 | D        | Reached XP level 7. HP: 71/71 MP: 3/6
   464 | D        | Reached skill level 10 in Long Blades
   469 | D        | Reached skill level 10 in Fighting
   469 | D        | Reached skill level 10 in Armour
   471 | D        | Reached *** piety under Okawaru
   483 | D        | Noticed a catoblepas
   500 | D        | Killed a catoblepas
   500 | D        | Reached **** piety under Okawaru
   500 | D        | Received a gift from Okawaru
   501 | D        | Reached skill level 1 in Stealth
   501 | D        | Reached skill level 1 in Invocations
   501 | D        | Reached XP level 8. HP: 49/82 MP: 4/8
   645 | D        | Noticed a dream sheep
   645 | D        | Noticed a dream sheep
   645 | D        | Noticed a dream sheep
   645 | D        | Noticed a dream sheep
   645 | D        | Noticed a dream sheep
   656 | D        | Killed a dream sheep
   657 | D        | Killed a dream sheep
   657 | D        | Reached ***** piety under Okawaru
   660 | D        | Killed a dream sheep
   661 | D        | Reached skill level 5 in Dodging
   661 | D        | Reached XP level 9. HP: 83/90 MP: 6/9
   663 | D        | Received a gift from Okawaru
   694 | D        | Noticed a freezing wraith
   700 | D        | Killed a freezing wraith
   810 | D        | Noticed an orange demon
   828 | D        | Killed an orange demon
   835 | D        | Noticed a red devil
   843 | D        | Killed a red devil
   963 | D        | Noticed a rime drake
   968 | D        | Killed a rime drake
   978 | D        | Reached skill level 15 in Long Blades
   985 | D        | Reached XP level 10. HP: 100/100 MP: 11/11
   997 | D        | Noticed a catoblepas
  1013 | D        | Killed a catoblepas
  1018 | D        | Noticed a cyclops
  1046 | D        | Killed a cyclops
  1222 | D        | Noticed Grum
  1244 | D        | Killed Grum
  1267 | D        | Noticed a nagaraja
  1282 | D        | Killed a nagaraja
  1282 | D        | Received a gift from Okawaru
  1283 | D        | Reached skill level 15 in Shields
  1283 | D        | Reached XP level 11. HP: 17/111 MP: 10/12
  1636 | D        | Noticed an orc high priest
  1658 | D        | Reached skill level 15 in Fighting
  1672 | D        | Killed an orc high priest
  1672 | D        | Received a gift from Okawaru
  2402 | D        | Noticed an emperor scorpion
  2430 | D        | Killed an emperor scorpion
  2431 | D        | Reached skill level 15 in Armour
  2435 | D        | Paralysed by a floating eye for 4 turns
  2444 | D        | Identified the +4 crystal plate armour of Autumn {Drain rN+
                  | Dex+6}
  2446 | D        | Paralysed by a floating eye for 3 turns
  2450 | D        | Noticed a merfolk avatar
  2454 | D        | Paralysed by an orc priest for 6 turns
  2474 | D        | Paralysed by a floating eye for 3 turns
  2486 | D        | HP: 2/115 [guardian mummy (8)]
  2487 | D        | Identified the +1 plate armour of Orthodoxy {-Cast Will++
                  | SInv}
  2492 | D        | Killed a merfolk avatar
  2503 | D        | Noticed a wolf spider
  2532 | D        | Identified the +5 rapier "Omelette" {protect, rF+ rC+ Str+2
                  | Stlth+}
  2532 | D        | Identified the amulet "Egimaysh" {Faith Dex+2}
  2532 | D        | Noticed a black draconian
  2534 | D        | Succumbed to a ghost moth's poison

Illustrated notes

Levels and vault maps discovered:
D:        pitsprint [storerooms_1, entrance_room_1, metal_vault_6, armoury_2,
          mini_pit_1, grid_room_1, main_hall_1, silver_pit, the_coven_2,
          the_vestibule_1, steel_vault_2, golden_pit, hallway_of_sentries,
          crystal_vault_1, iron_vault_2, final_vault]

Skill      XL: |  1  2  3  4  5  6  7  8  9 10 11 |
---------------+----------------------------------+-----
Shields        | 4 6 8 10 11 12 15 17 | 17.9
Armour         | 4 6 7 8 9 11 12 14 15 | 15.5
Fighting       | 4 6 8 9 11 12 14 16 | 16.5
Long Blades    | 3 4 6 9 12 13 15 16 17 | 17.7
Dodging        | 2 3 4 5 6 |  6.5
Stealth        | 1 2 3 |  3.4
Invocations    | 1 2 3 4 |  4.7

Action                   |  1- 3 |  4- 6 |  7- 9 | 10-12 || total
-------------------------+-------+-------+-------+-------++-------
Melee: Long sword        |     9 |    48 |    26 |       ||    83
       Headbutt          |     3 |     8 |    23 |    64 ||    98
       Scimitar          |       |       |    53 |    74 ||   127
       Demon blade       |       |       |       |   163 ||   163
Invok: Heroism           |       |     2 |     2 |     8 ||    12
  Use: Potion            |     1 |     1 |       |    18 ||    20
       Scroll            |       |       |       |     1 ||     1
 Stab: Petrified         |       |       |     1 |     1 ||     2
Armor: Scale mail        |     6 |     8 |       |       ||    14
       Chain mail        |       |    16 |     6 |       ||    22
       Plate armour      |       |       |    32 |   254 ||   286
Dodge: Dodged            |     4 |    15 |    15 |   112 ||   146
Block: Kite shield       |     3 |    26 |    45 |   191 ||   265
       Rpst.: Long sword |     1 |     1 |       |       ||     2
       Scimitar          |       |       |     4 |     8 ||    12
       Demon blade       |       |       |       |     8 ||     8
